uu, chaotic male human Rogue ------------ |........<.| |..........+ ------ --- ---- |..........| |.... . ..| |..........| |...----- .-------- -.| -.---------- |...|..+| -------.|..|.(.| +.|` ##### |...|.+.| |..=..|.|..|(.(| |..# # |...|...|+-|..@..|.-|-|.(.|---.|## ### |...-|---..|.@@.!|....--|--....|# # # #|....))....|....!|.............|# | ### # #......)..{.--+----.{...........|### .| # ###|............%...[.......).....|##### ......| ### # #|...-|---...........-+---|--...| ### .| # ### |...|...|-------.---| |...|...| # | --.--- # ....|(((| |%%.-)-..| |+*(|...| ##- |>.^..### |...|(((| |%..|.|..| |(..|...| - |....| |...----- -----.---- -----...| |....-## |.... ... ...| ------ ------ ----- ----- uu the Pilferer Experience level: 10 Strength: 18/01 Dexterity: 18 Constitution: 18 Intelligence: 11 Wisdom: 11 Charisma: 11 Health: 0(92) Energy: 46(46) Def: 14 Gold: 303 Moves: 25969 Dungeon seed: eB-R6-1CQb5JsnoV Game ID: uu_1528522643 Your Inventory: Coins $ - 303 gold pieces Amulets T - an uncursed amulet versus poison (being worn) Weapons h - the fireproof +1 Orcrist (weapon in hand) D - 4 +1 daggers (in quiver) I - 34 +0 daggers Armor c - an uncursed +0 pair of leather gloves (being worn) e - an uncursed +0 pair of iron shoes (being worn) j - an uncursed +0 helmet (being worn) o - an uncursed +0 pair of elven boots t - an uncursed +0 dwarvish mithril-coat (being worn) w - an uncursed +0 small shield (being worn) z - an uncursed +0 cloak of protection (being worn) Comestibles v - an uncursed lizard corpse Scrolls R - a blessed scroll of blank paper S - 2 uncursed scrolls of teleportation V - an uncursed scroll of blank paper X - an uncursed scroll of food detection Rings H - an uncursed ring of fire resistance (on left hand) J - an uncursed ring of poison resistance (on right hand) Wands f - a wand of striking (0:5) p - a wand of create monster (0:11) x - a wand of create monster (0:2) A - a wand of digging (0:8) B - a wand of secret door detection (0:14) F - a wand of sleep (0:6) G - a cursed wand of teleportation (0:3) M - a wand of striking (0:5) Tools b - an uncursed stethoscope d - an uncursed lock pick g - an uncursed blindfold i - a +0 unicorn horn q - an uncursed skeleton key Z - an uncursed mirror Gems a - 3 uncursed worthless pieces of orange glass k - an uncursed jade stone m - an uncursed chrysoberyl stone n - 5 uncursed worthless pieces of red glass r - an uncursed amber stone y - an uncursed worthless piece of black glass C - 5 uncursed worthless pieces of violet glass E - 2 uncursed rubies L - 3 uncursed worthless pieces of green glass N - an uncursed worthless piece of yellow glass O - 2 uncursed emeralds P - 3 uncursed worthless pieces of white glass Q - 2 uncursed diamonds U - 3 uncursed luckstones W - 2 uncursed amethyst stones Y - an uncursed citrine stone Spells and supernatural/magical abilities: Name Level Category Fail Memory r - remove curse 3 clerical 100% 75% x - extra healing 3* healing 100% 0% A - create familiar 6* clerical 100% 0% I - identify 3 divination 100% 75% L - levitation 4 escape 100% 75% R - restore ability 4 healing 100% 57% T - turn undead 6 clerical 100% 75% W - pray for help -- divine ? -- Your skills at the end: Fighting Skills Weapon Skills dagger [Expert] short sword [Skilled] broadsword [Basic] dart [Basic] Spellcasting Skills Final Attributes: You were piously aligned. You were fire resistant. You were poison resistant. You were confused. You were telepathic. You had automatic searching. You were stealthy. You were protected. You were very lucky. You had extra luck. Bad luck did not time out for you. Good luck did not time out for you. You are dead. Vanquished creatures: 3 giant mimics a large mimic a baby purple worm a giant mummy 3 small mimics a warhorse 2 wood golems 3 pyrolisks a large dog 2 freezing spheres 2 flaming spheres a large cat a tiger a gargoyle 3 dwarf kings 7 tengu a mountain centaur 2 stone giants a python 2 wraiths a carnivorous ape an ettin zombie 2 Grey-elves 4 soldiers a succubus a chameleon 3 crocodiles 6 giant beetles a quivering blob 2 winter wolf cubs a lynx 3 leprechauns 2 orc-captains an iron piercer 2 mumakil 2 giant spiders 3 black lights 4 vampire bats 9 gnome kings 2 orc mummies 2 dwarf mummies a brown pudding a rust monster 3 owlbears a yeti 4 gold golems 4 lizards a dog 3 dingos 2 housecats 5 jaguars 4 dwarf lords a blue jelly a gray unicorn 4 dust vortices 2 ravens 3 plains centaurs a gnome mummy 4 snakes 4 apes 4 human zombies 7 soldier ants a fire ant 3 bugbears a quasit 4 wood nymphs a water nymph a mountain nymph 12 Mordor orcs 8 Uruk-hai 2 orc shamans 5 rock piercers 3 rock moles a pony a fog cloud 3 yellow lights 3 shriekers 3 violet fungi 16 gnome lords 9 gnomish wizards a red naga hatchling 2 black naga hatchlings a guardian naga hatchling a gray ooze a barrow wight 2 straw golems 4 paper golems a baby crocodile 10 giant ants 2 little dogs 11 floating eyes 4 kittens 23 dwarves 3 kobold lords 3 kobold shamans 20 hill orcs 8 rothes a rabid rat 5 giant bats 3 monkeys 4 orc zombies 2 dwarf zombies 2 wererats 2 werejackals 4 iguanas 22 killer bees 3 acid blobs 9 coyotes 3 gas spores 13 hobbits 3 manes 2 large kobolds 13 hobgoblins 8 giant rats 16 cave spiders 2 brown molds a yellow mold 3 green molds 3 red molds 66 gnomes 3 garter snakes 4 gnome zombies 10 geckos 12 jackals 5 foxes 11 kobolds 10 goblins 6 sewer rats 13 grid bugs 2 bats 8 lichens 2 kobold zombies 11 newts 613 creatures vanquished. Voluntary challenges: You had been an atheist until turn 3106. You used a wielded weapon 759 times, starting on turn 62. You read items or engraved 229 times, starting on turn 1584. You never genocided any monsters. You never polymorphed an object. You changed form 1 time, starting on turn 16001. You used no wishes. You never split a pudding. You wrote Elbereth's name 45 times, starting on turn 2176. You violated your moral code, losing 32 points of alignment, starting on turn 9261. Dungeon overview: The Dungeons of Doom: levels 1 to 15 Level 1 a long staircase Level 2 stairs to The Gnomish Mines Level 3 a fountain Level 4 a fountain Level 5 some fountains, a sink Level 6 an altar to Kos, a fountain Level 7 Level 8 a fountain Level 9 many fountains Level 10 a fountain, a throne stairs to Sokoban Level 11 Level 12 Level 13 Level 14 a fountain Level 15 portal to The Quest The Gnomish Mines: levels 3 to 10 Level 3 stairs to The Dungeons of Doom Level 4 Level 5 <- You were here many shops, a temple to Kos, some fountains Level 6 Level 7 Level 8 Level 9 Level 10 The Quest: Level 1 portal to The Dungeons of Doom Sokoban: levels 6 to 9 Level 6 Level 7 Level 8 Level 9 stairs to The Dungeons of Doom History has recorded: On T:1 you entered the Dungeons of Doom to retrieve the Amulet of Yendor! On T:645 you advanced to experience level 2. On T:878 you reached level 2 of The Dungeons of Doom. On T:948 you advanced to experience level 3. On T:1245 you reached level 1 of The Gnomish Mines. On T:1444 you reached level 3 of The Dungeons of Doom. On T:1812 you reached level 4 of The Dungeons of Doom. On T:2103 you advanced to experience level 4. On T:2149 you reached level 5 of The Dungeons of Doom. On T:2818 you reached level 6 of The Dungeons of Doom. On T:3099 you advanced to experience level 5. On T:3309 you reached level 7 of The Dungeons of Doom. On T:4284 you advanced to experience level 6. On T:4398 you reached level 8 of The Dungeons of Doom. On T:4831 you reached level 9 of The Dungeons of Doom. On T:4879 you reached level 10 of The Dungeons of Doom. On T:5051 you advanced to experience level 7. On T:5942 you reached level 11 of The Dungeons of Doom. On T:6552 you reached level 12 of The Dungeons of Doom. On T:6628 you reached level 13 of The Dungeons of Doom. On T:6645 you reached level 14 of The Dungeons of Doom. On T:7046 you reached level 15 of The Dungeons of Doom. On T:7154 you reached level 1 of The Quest. On T:7437 you advanced to experience level 8. On T:10911 you reached level 4 of Sokoban. On T:11311 you reached level 3 of Sokoban. On T:12763 you reached level 2 of Sokoban. On T:13306 you advanced to experience level 9. On T:13412 you reached level 1 of Sokoban. On T:18030 you received Orcrist from Kos. On T:19736 you reached level 2 of The Gnomish Mines. On T:20202 you reached level 3 of The Gnomish Mines. On T:21264 you reached level 4 of The Gnomish Mines. On T:21695 you reached level 5 of The Gnomish Mines. On T:22088 you reached level 6 of The Gnomish Mines. On T:23078 you reached level 7 of The Gnomish Mines. On T:23754 you advanced to experience level 10. Score breakdown: Gold: 303 ( 8445 points) Experience: 10 levels (16712 points) Exploration: 15 levels ( 32.61%) (16733 points) Discoveries: 40 items ( 13.42%) (10991 points) Valuables value: (no points given unless you survive) Artifact value: 2000 (11229 points) Variety of kills: 133 monsters ( 34.91%) (17724 points) Turncount: 25969 turns (-3788 points) Survival: died (score multiplied by 80%) Total score: 62436 Latest messages: The priest of Kos casts a spell at you! You feel confused! The priest of Kos swings his mace. The priest of Kos hits! The priest of Kos kicks! The priest of Kos points at you, then curses. The Woodland-elf gets angry! You bump into the Woodland-elf. The Woodland-elf wields a runed short sword! The priest of Kos swings his mace. The priest of Kos hits! The priest of Kos kicks! The priest of Kos casts a spell at you! You are frozen in place! The Woodland-elf thrusts his runed short sword. The Woodland-elf hits! The priest of Kos swings his mace. The priest of Kos hits! The priest of Kos kicks! The priest of Kos points at you, then curses. The Woodland-elf thrusts his runed short sword. The Woodland-elf misses. You hear some noises. The priest of Kos swings his mace. The priest of Kos hits! You die... Final status: Goodbye uu the Rogue, killed by a priest of Kos, while paralyzed by a monster... You died in The Gnomish Mines on dungeon level 5 with 62436 points, and 303 pieces of gold, after 25969 moves. You were level 10 with a maximum of 92 hit points when you died.